 Dungeon Crawl Stone Soup version 0.19-a0-1861-g35def1e (webtiles) character file.

588 Naow the Thaumaturge (level 7, 0/36 HPs)
             Began as a Deep Elf Conjurer on Oct 12, 2016.
             Succumbed to a worker ant's poison
             ... on level 4 of the Dungeon.
             The game lasted 00:09:33 (3189 turns).

Naow the Thaumaturge (Deep Elf Conjurer)            Turns: 3189, Time: 00:09:33

Health: 0/36       AC:  4    Str: 10    XL:     7   Next: 15%
Magic:  0/21       EV: 13    Int: 27    God:
Gold:   142        SH:  0    Dex: 15    Spells: 4 memorised, 9 levels left

rFire  + . .     SeeInvis .     (no weapon)
rCold  . . .     Gourm    .     x - +1 robe {rF+}
rNeg   . . .     Faith    .     (no shield)
rPois  .         Spirit   .     (no helmet)
rElec  .         Dismiss  .     (no cloak)
rCorr  .         Reflect  .     B - +0 pair of gloves
MR     .....     Harm     .     (no boots)
Stlth  +.........               (no amulet)
                                (no ring)
                                k - ring of loudness (curse)

@: mighty, brilliant, lethally poisoned (0 -> -7), very slightly contaminated,
hasted, invisible, very quick
A: mutation resistance 1
a: no special abilities


You were on level 4 of the Dungeon.
You were not hungry.

You visited 1 branch of the dungeon, and saw 4 of its levels.

You collected 142 gold pieces.

Inventory:

Hand Weapons
 w - a +2 scythe of protection
Armour
 a - a +0 robe
 m - a +0 helmet
 r - a +1 pair of gloves
 x - a +1 robe of fire resistance (worn)
 B - a +0 pair of gloves (worn)
Jewellery
 k - a cursed ring of loudness (left hand)
 A - an uncursed ring of protection from cold {unknown}
Scrolls
 d - a scroll of magic mapping {unknown}
 e - a scroll of amnesia {unknown}
 j - 2 scrolls of fog {unknown}
 n - 2 scrolls of identify {unknown}
 q - 2 scrolls of enchant armour {unknown}
 t - 2 scrolls of teleportation {unknown}
 y - a scroll of immolation {unknown}
Potions
 l - a potion of haste
 v - a potion of lignification
Books
 b - a book of Conjurations

   Spells                             Type                      Level
   a - Magic Dart                     Conjuration                  1
   b - Searing Ray                    Conjuration                  2
   c - Dazzling Spray                 Conjuration/Hexes            3
   d - Fulminant Prism                Conjuration/Hexes            4
   e - Iskenderun's Mystic Blast      Conjuration                  4
   f - Iskenderun's Battlesphere      Conjuration/Charms           5
Comestibles
 c - 2 bread rations
 f - 10 chunks of flesh
 h - 3 meat rations
 o - a beef jerky
 p - a slice of pizza
 s - a royal jelly


   Skills:
 - Level 2.5 Dodging
 - Level 2.4 Stealth
 - Level 8.5 Spellcasting
 + Level 6.7 Conjurations


You had 9 spell levels left.
You knew the following spells:

 Your Spells              Type           Power        Failure   Level  Hunger
a - Magic Dart            Conj           ####         1%          1    None
b - Iskenderun's Battles  Conj/Chrm      #####...     4%          5    ####...
c - Iskenderun's Mystic   Conj           ######..     1%          4    #......
d - Fulminant Prism       Conj/Hex       #####.....   1%          4    #......


Dungeon Overview and Level Annotations

Branches:
Dungeon (4/15)             Temple (0/1) D:4

Altars:
Gozag
Makhleb
Nemelex Xobeh
Sif Muna
Xom
Yredelemnul
The Shining One


Innate Abilities, Weirdness & Mutations

You are somewhat resistant to further mutation.


Message History

Aim: a worker ant (almost dead)
The magic dart hits the worker ant.
You kill the worker ant!
* * * LOW HITPOINT WARNING * * *
You feel sick.
It was a potion of haste.
You feel yourself speed up.
* * * LOW HITPOINT WARNING * * *
You feel sick.
You are very lightly contaminated with residual magic.
It was a potion of mutation.
You feel extremely strange.
You feel genetically stable.
You feel frail.
You feel robust.
It was a potion of invisibility.
You fade into invisibility!
* * * LOW HITPOINT WARNING * * *
You feel sick.
It was a potion of brilliance.
You feel clever all of a sudden.
It was a potion of might.
You feel very mighty all of a sudden.
You die...

###.#####.#.#.####
#.>..............#
.....)###.#.#.##.#
...... #.....##.##
...... ###.###...#
......
...###...###
####.#
#####.......####
#. #(......[....#
#. #.#.).@...##.#
#.###)†.####.# #.#
#.).# #.# #.#
##.#####.# #.#
#....##.# #.#
#..#.##.# #.#
##...##.# #.#
##.###.# #.# #.#
#.#


There were no monsters in sight!

Vanquished Creatures
  Sigmund (D:3)
  An ogre (D:4)
  An orc priest (D:3)
  2 orc wizards
  3 worker ants
  6 adders
  4 gnolls (D:3)
  An ooze (D:1)
  2 worms
  3 dart slugs
  11 orcs
  A ball python (D:2)
  4 giant cockroaches
  3 goblins
  9 hobgoblins
  4 jackals (D:3)
  10 kobolds
  2 quokkas (D:2)
  9 bats
  9 frilled lizards
  6 rats
92 creatures vanquished.

Notes
Turn   | Place    | Note
-------+----------+-------------------------------------------
     0 | D:1      | Naow the Deep Elf Conjurer began the quest for the Orb.
     0 | D:1      | Reached XP level 1. HP: 10/10 MP: 6/6
   391 | D:1      | Reached XP level 2. HP: 15/15 MP: 6/8
   446 | D:1      | Reached skill level 4 in Spellcasting
   721 | D:1      | Reached XP level 3. HP: 19/19 MP: 8/11
  1005 | D:2      | Found a deep blue altar of Sif Muna.
  1013 | D:2      | Found a basalt altar of Yredelemnul.
  1083 | D:2      | Reached skill level 5 in Spellcasting
  1337 | D:2      | Reached XP level 4. HP: 24/24 MP: 6/13
  1360 | D:2      | Reached skill level 6 in Spellcasting
  1405 | D:2      | Found a burning altar of Makhleb.
  1405 | D:2      | Noticed a cacodemon
  1408 | D:2      | Noticed a smoke demon
  1408 | D:2      | Noticed a neqoxec
  1445 | D:2      | Found a shimmering altar of Xom.
  1447 | D:2      | Found a sparkling altar of Nemelex Xobeh.
  1447 | D:2      | Found an opulent altar of Gozag.
  1449 | D:2      | Found a bloodstained altar of Trog.
  1449 | D:2      | Found a glowing silver altar of Zin.
  1449 | D:2      | Found a shimmering altar of Xom.
  1780 | D:3      | Found a sparkling altar of Nemelex Xobeh.
  1949 | D:3      | Found a glowing golden altar of the Shining One.
  2114 | D:3      | Noticed Sigmund
  2143 | D:3      | Killed Sigmund
  2143 | D:3      | Reached skill level 8 in Spellcasting
  2143 | D:3      | Reached XP level 5. HP: 22/28 MP: 3/17
  2143 | D:3      | Reached XP level 6. HP: 25/32 MP: 3/19
  2304 | D:3      | Learned a level 5 spell: Iskenderun's Battlesphere
  2309 | D:3      | Learned a level 4 spell: Iskenderun's Mystic Blast
  2314 | D:3      | Learned a level 4 spell: Fulminant Prism
  2446 | D:3      | Reached skill level 5 in Conjurations
  2978 | D:3      | Found an opulent altar of Gozag.
  3125 | D:4      | Found a staircase to the Ecumenical Temple.
  3131 | D:4      | Reached XP level 7. HP: 36/36 MP: 3/21
  3186 | D:4      | Gained mutation: You are somewhat resistant to further mutation. [potion of mutation]
  3186 | D:4      | Gained mutation: You are frail. (-10% HP) [potion of mutation]
  3186 | D:4      | Lost mutation: You are frail. (-10% HP) [potion of mutation]
  3187 | D:4      | HP: 1/36 [poisoned by a worker ant]
  3189 | D:4      | Succumbed to a worker ant's poison

Vault maps used:
D:1:      minmay_arrival_solitary_statue, hangedman_abyss_or_decor_stabs,
          st_stairs_12, minmay_tetromino_s2
D:2:      overflow_temple_1_default, makhleb_altar_promises_db,
          doesnt_xom_only_xom, first_bread, yredelemnul_altar_generic
D:3:      nicolae_tso_carved_into_rock, lemuel_doored_altar,
          nemelex_spade_bored_becter, uniq_sigmund

Skill      XL: |  1  2  3  4  5  6 |
---------------+-------------------+-----
Spellcasting   | 4 5 8 |  8.5
Conjurations   | 6 |  6.7
Dodging        | |  2.5
Stealth        | |  2.4

Action                   |  1- 3 |  4- 6 |  7- 9 || total
-------------------------+-------+-------+-------++-------
Melee: Unarmed           |    16 |       |     2 ||    18
 Cast: Magic Dart        |    81 |   145 |     8 ||   234
       Iskenderun's Myst |       |     7 |     1 ||     8
  Use: Potion            |     1 |     1 |     5 ||     7
  Eat: Chunk             |     1 |     6 |       ||     7
Armor: Robe              |     1 |     7 |     1 ||     9
       Skin              |       |     9 |       ||     9
Dodge: Dodged            |    21 |    10 |    10 ||    41
